 Dungeon Crawl Stone Soup version 0.28-a0-1435-g82390b3a13 (webtiles) character file.

Game seed: 186880392285435864

461 Hasart the Skirmisher (level 7, 0/72 HPs)
             Began as an Ogre Fighter on Jan 9, 2022.
             Was an Initiate of Hepliaklqana.
             Slain by a centaur (4 damage)
             ... on level 5 of the Dungeon.
             The game lasted 00:05:55 (4065 turns).

Hasart the Skirmisher (Ogre Fighter)                Turns: 4065, Time: 00:05:55

Health: 0/72       AC:  5    Str: 23    XL:     7   Next: 7%
Magic:  7/7        EV:  9    Int:  9    God:    Hepliaklqana [......]
Gold:   135        SH:  7    Dex:  8    Spells: 6/6 levels left

rFire   . . .      SeeInvis .   a - +0 war axe
rCold   + + .      Faith    .   c - +0 kite shield
rNeg    . . .      Spirit   .   d - +2 robe {rC+}
rPois   .          Reflect  .   (helmet restricted)
rElec   .          Harm     .   (no cloak)
rCorr   .          Rampage  .   (gloves unavailable)
Will    .....                   (boots unavailable)
Stlth   +.........              (no amulet)
HPRegen 0.22/turn               f - ring of protection from cold
MPRegen 0.10/turn               (no ring)

@: studying Slings
A: large, unfitting armour, tough skin 1
a: Renounce Religion


You were on level 5 of the Dungeon.
You worshipped Hepliaklqana.
Hepliaklqana was noncommittal.
You visited 1 branch of the dungeon, and saw 5 of its levels.

You collected 135 gold pieces.

Inventory:

Hand Weapons
 a - a +0 war axe (weapon)
 t - a +0 whip of electrocution
Missiles
 g - 2 throwing nets (quivered)
 o - 26 poisoned darts
Armour
 c - a +0 kite shield (worn)
 d - a +2 robe of cold resistance (worn)
Jewellery
 f - a ring of protection from cold (left hand)
 s - a ring of flight
Scrolls
 b - a scroll of teleportation {unknown}
 i - a scroll of blinking {unknown}
 j - a scroll of identify {unknown}
 m - a scroll of magic mapping {unknown}
 p - a scroll of fear {unknown}
 q - 2 scrolls of fog {unknown}
 r - a scroll of vulnerability {unknown}
 v - a scroll of summoning {unknown}
Potions
 e - 2 potions of attraction {unknown}
 h - 3 potions of curing {unknown}
 k - 2 potions of lignification {unknown}
 l - a potion of invisibility {unknown}
 n - 2 potions of heal wounds {unknown}
 u - a potion of flight {unknown}


   Skills:
 + Level 5.6 Fighting
 * Level 4.7 Axes
 + Level 1.3 Throwing
 + Level 3.8 Dodging
 + Level 3.9 Shields


You had 6 spell levels left.
You didn't know any spells.
Your spell library contained the following spells:

 Spells                   Type           Power      Damage    Failure   Level
 Animate Skeleton         Necr           0%         N/A       67%         1
 Apportation              Tloc           0%         N/A       67%         1
 Summon Small Mammal      Summ           0%         N/A       67%         1
 Fulminant Prism          Conj/Hex       0%         3d6       100%        4
 Iskenderun's Mystic Bla  Conj/Tloc      0%         2d3       100%        4
 Lee's Rapid Deconstruct  Erth           0%         3d5*      100%        5


Dungeon Overview and Level Annotations

Branches:
Dungeon (5/15)
 Temple: D:4-7

Altars:
Ashenzari
Cheibriados
Hepliaklqana
Ru
Sif Muna
Uskayaw
Xom


Innate Abilities, Weirdness & Mutations

You are too large for most types of armour.
You have tough skin. (AC +1)


Message History

You closely miss the centaur. The centaur completely misses you.
The centaur closely misses you.
The centaur hits you but does no damage.
The centaur kicks you.
* * * LOW HITPOINT WARNING * * *
The centaur hits you.
* * * LOW HITPOINT WARNING * * *
The centaur kicks you but does no damage.
You barely miss the centaur.
The centaur hits you but does no damage.
The centaur kicks you but does no damage.
The centaur hits you.
* * * LOW HITPOINT WARNING * * *
The centaur kicks you but does no damage.
Unknown command.
You hit the centaur.
The centaur is lightly wounded.
The centaur hits you.
* * * LOW HITPOINT WARNING * * *
The centaur kicks you.
* * * LOW HITPOINT WARNING * * *
The centaur barely misses you.
The centaur kicks you but does no damage.
You hit the centaur.
The centaur is moderately wounded.
The centaur misses you.
The centaur kicks you but does no damage.
The centaur barely misses you. x2
Unknown command.
You hit the centaur.
The centaur is severely wounded.
The centaur hits you.
* * * LOW HITPOINT WARNING * * *
You block the centaur's attack. The centaur barely misses you.
The centaur kicks you.
* * * LOW HITPOINT WARNING * * *
You barely miss the centaur.
The centaur is severely wounded.
The centaur hits you.
You die...

.# .# . ... .......
.####.# ##.. ..##.......
....................(...
...##..# .... ..........
..##...## #..##.......
........#.#...#.....#
.......... #....c..#
##....)...##....@..#
.##..#.............###
.#...## #............#
...#..####...........!..
...#...###..............
####....................
###.[.......#'''#.......
#.......<).##...##......
...........##(?.# .....


You could see a centaur.

Vanquished Creatures
  Sigmund (D:2)
  A necrophage (D:4)
  A hound (D:4)
  An orc wizard (D:4)
  2 gnolls (D:5)
  4 adders
  An ufetubus (D:5)
  3 worms
  4 dart slugs
  5 orcs (D:4)
  3 ball pythons (D:2)
  5 endoplasms
  2 giant cockroaches
  8 goblins
  5 hobgoblins
  12 jackals
  8 kobolds
  2 quokkas (D:2)
  3 bats
  7 frilled lizards
  2 rats
80 creatures vanquished.

Notes
Turn   | Place    | Note
-------+----------+-------------------------------------------
     0 | D:1      | Hasart the Ogre Fighter began the quest for the Orb.
     0 | D:1      | Reached XP level 1. HP: 24/24 MP: 1/1
   215 | D:1      | Reached XP level 2. HP: 32/32 MP: 2/2
   575 | D:2      | Reached XP level 3. HP: 22/39 MP: 3/3
  1657 | D:2      | Noticed Sigmund
  1670 | D:2      | Killed Sigmund
  1671 | D:2      | Reached skill level 5 in Fighting
  1671 | D:2      | Reached XP level 4. HP: 36/50 MP: 4/4
  1671 | D:2      | Reached XP level 5. HP: 41/57 MP: 5/5
  1673 | D:2      | Found a faded altar of an unknown god.
  1980 | D:2      | Reached XP level 6. HP: 66/66 MP: 6/6
  2078 | D:3      | Found a hide-covered altar of Uskayaw.
  2353 | D:3      | Found a sacrificial altar of Ru.
  2896 | D:4      | Found a broken altar of Ashenzari.
  3067 | D:4      | Found a shimmering blue altar of Sif Muna.
  3068 | D:4      | Found a shimmering altar of Xom.
  3068 | D:4      | Found a hazy altar of Hepliaklqana.
  3101 | D:4      | Found a snail-covered altar of Cheibriados.
  3330 | D:4      | Noticed a necrophage
  3336 | D:4      | Killed a necrophage
  3337 | D:4      | Reached skill level 1 in Throwing
  3659 | D:5      | Entered Level 5 of the Dungeon
  3686 | D:4      | Became a worshipper of Hepliaklqana the Forgotten
  3786 | D:4      | Reached XP level 7. HP: 14/72 MP: 7/7
  4064 | D:5      | HP: 3/72 [centaur (2)]
  4065 | D:5      | Slain by a centaur

Illustrated notes

Levels and vault maps discovered:
D:1:      ncdulo_halloftheorcs, layout_loops_ring, serial_park_tiny_pond,
          minmay_pentomino_q4
D:2:      layout_basic, dreamdust_ecumenical_altar_statues, uniq_sigmund
D:3:      layout_basic, mainiacjoe_overflow_catch_the_wave, st_stairs_12,
          chequers_serial_rivers_micro_c, minmay_tree_intersection
D:4:      layout_rooms, nicolae_overflow_quartered_altars,
          mainiacjoe_overflow_cross_hatched, minmay_manual_mail
D:5:      layout_cave_pools, old_standard_altar, serial_gnoll_camp,
          gnoll_camp_mini_hut, gnoll_camp_huts_basic, gnoll_camp_mini_loothouse,
          gnoll_camp_medium_01, minmay_misc_feat_hallway

Skill      XL: |  1  2  3  4  5  6 |
---------------+-------------------+-----
Shields        | 3 |  3.9
Dodging        | 3 |  3.8
Axes           | 4 |  4.7
Fighting       | 5 |  5.6
Throwing       | 1 |  1.3

Action                   |  1- 3 |  4- 6 |  7- 9 || total
-------------------------+-------+-------+-------++-------
Melee: War axe           |   116 |   132 |     8 ||   256
Throw: Throwing net      |     1 |       |       ||     1
  Use: Potion            |     1 |       |       ||     1
Armor: Robe              |    35 |    35 |     7 ||    77
Dodge: Dodged            |    54 |    50 |    10 ||   114
Block: Kite shield       |    54 |    59 |     3 ||   116

Table legend: (Time is in decaauts)
 A = Elapsed time spent in this place.
 B = Non-inter-level travel time spent in this place.
 C = Inter-level travel time spent in this place.
 D = Time resting spent in this place.
 E = Time spent auto-exploring this place.
 F = Levels seen in this place.
 G = Mean time per level.
                   A        B        C        D        E       F      G
               +--------+--------+--------+--------+--------+-----+--------+
         Total |   4183 |   4019 |    164 |    562 |   2728 |   5 |  836.6 |
       Dungeon |   4183 |   4019 |    164 |    562 |   2728 |   5 |  836.6 |
               +--------+--------+--------+--------+--------+-----+--------+

Top non-repeatable levels by time:
     D:1: 1126 daAuts
     D:4: 1107 daAuts
     D:2: 984 daAuts
     D:3: 859 daAuts
     D:5: 105 daAuts
